 Dungeon Crawl Stone Soup version 0.27-a0-998-g4cfe56dd59 (webtiles) character file.

Game seed: 13328987329622147464

68 DarkShadow the Skirmisher (level 4, -3/41 HPs)
             Began as a Minotaur Fighter on Apr 17, 2021.
             Slain by Grinder (6 damage)
             ... on level 3 of the Dungeon.
             The game lasted 00:03:18 (1544 turns).

DarkShadow the Skirmisher (Minotaur Fighter)        Turns: 1544, Time: 00:03:18

Health: -3/41      AC:  9    Str: 22    XL:     4   Next: 1%
Magic:  3/3        EV:  7    Int:  5    God:
Gold:   75         SH:  9    Dex:  9    Spells: 3/3 levels left

rFire    + . .     SeeInvis .   a - +0 long sword
rCold    . . .     Faith    .   c - +0 kite shield
rNeg     . . .     Spirit   .   b - +0 scale mail
rPois    .         Reflect  .   (helmet restricted)
rElec    .         Harm     .   (no cloak)
rCorr    +         Rampage  .   f - +0 pair of gloves
Will     .....                  j - +0 pair of boots
Stlth    ..........             (no amulet)
HPRegen  0.13/turn              e - ring of protection from fire
MPRegen  0.08/turn              k - ring of resist corrosion

@: no status effects
A: horns 2, retaliatory headbutt
a: no special abilities


You were on level 3 of the Dungeon.
You visited 1 branch of the dungeon, and saw 3 of its levels.

You collected 75 gold pieces.

Inventory:

Hand Weapons
 a - a +0 long sword (weapon)
Armour
 b - a +0 scale mail (worn)
 c - a +0 kite shield (worn)
 f - a +0 pair of gloves (worn)
 j - a +0 pair of boots (worn)
Jewellery
 e - a ring of protection from fire (left hand)
 i - a ring of protection from fire
 k - a ring of resist corrosion (right hand)
Scrolls
 g - 2 scrolls of teleportation
Potions
 d - a potion of might
 h - a potion of curing {unknown}


   Skills:
 + Level 4.3 Fighting
 + Level 3.5 Long Blades
 + Level 4.2 Armour
 + Level 4.2 Shields


You had 3 spell levels left.
You didn't know any spells.
Your spell library was empty.

Dungeon Overview and Level Annotations

Branches:
Dungeon (2/15)

Altars:
Vehumet

Annotations:
D:3 Grinder


Innate Abilities, Weirdness & Mutations

You have a pair of horns on your head.
You reflexively headbutt those who attack you in melee.


Message History

Grinder is moderately wounded.
Grinder hits you but does no damage. Grinder completely misses you.
You hit Grinder but do no damage.
Grinder is moderately wounded.
Grinder gestures at you.
You barely resist. You barely miss Grinder.
Grinder is moderately wounded.
Grinder grins, showing sharp teeth.
Grinder blinks! x2
Grinder barely misses you. You furiously retaliate!
You headbutt Grinder.
Your shield prevents you from hitting Grinder.
Grinder is moderately wounded.
Grinder blinks!
You hit Grinder. Your headbutt misses Grinder.
Grinder is heavily wounded.
Grinder closely misses you. Grinder hits you.
You writhe in agony.
You slash Grinder!
Grinder is severely wounded.
Grinder hits you.
You writhe in agony.
You closely miss Grinder.
Grinder is severely wounded.
Grinder hits you but does no damage. You block Grinder's attack.
You hit Grinder but do no damage.
Grinder is severely wounded.
Grinder hits you.
You writhe in agony.
You barely miss Grinder.
Grinder is severely wounded.
Grinder says, "Just stop there for a second..."
Grinder hits you but does no damage.
You hit Grinder. You headbutt Grinder!
Grinder is almost dead.
Grinder says, "You look like you could use a good racking."
Grinder gestures at you. Pain shoots through your body!
* * * LOW HITPOINT WARNING * * *
Grinder hits you.
* * * LOW HITPOINT WARNING * * *
You writhe in agony.
You die...

##### ## #... ..
####.##### ##. #........#
#.. #.##.###.# #######.#
#.##)# ...5.ยง..# #.##.#
#.###########.# ####.##.#
#....5@.......#
.....##.###############.#
#######............# #.#
############.####.##.#...
#...........#
######....#... ######


You could see Grinder.

Vanquished Creatures
  An adder (D:3)
  A worm (D:2)
  4 orcs (D:3)
  A bat (D:1)
  6 endoplasms (D:1)
  3 giant cockroaches (D:1)
  7 goblins (D:1)
  5 hobgoblins
  4 jackals (D:1)
  5 kobolds
  2 quokkas (D:1)
  2 ball pythons
  A frilled lizard (D:1)
42 creatures vanquished.

Vanquished Creatures (others)
  2 plants (D:2)
2 creatures vanquished.

Grand Total: 44 creatures vanquished

Notes
Turn   | Place    | Note
-------+----------+-------------------------------------------
     0 | D:1      | DarkShadow the Minotaur Fighter began the quest for the
                  | Orb.
     0 | D:1      | Reached XP level 1. HP: 19/19 MP: 0/0
   138 | D:1      | Reached XP level 2. HP: 27/27 MP: 1/1
   468 | D:1      | Reached XP level 3. HP: 33/33 MP: 2/2
   515 | D:1      | Found a faded altar of an unknown god.
  1168 | D:2      | You fall into a shaft and drop 1 floor!
  1168 | D:3      | Found a radiant altar of Vehumet.
  1462 | D:3      | Reached XP level 4. HP: 39/41 MP: 3/3
  1507 | D:3      | Noticed Grinder
  1523 | D:3      | Paralysed by Grinder for 2 turns
  1544 | D:3      | Slain by Grinder

Illustrated notes

Levels and vault maps discovered:
D:1:      erik_arrival_orb_chamber, layout_basic, basic_ecumenical_altar,
          st_stairs_5
D:2:      layout_basic, serial_bayou_ford_a
D:3:      layout_loops_ring, overflow_temple_1_default, gup_sewer_entry_bubbles,
          uniq_grinder

Skill      XL: |  1  2  3 |
---------------+----------+-----
Fighting       | 4 |  4.3
Armour         | 4 |  4.2
Shields        | 4 |  4.2
Long Blades    | 3 |  3.5

Action                   |  1- 3 |  4- 6 || total
-------------------------+-------+-------++-------
Melee: Long sword        |    91 |    16 ||   107
       Headbutt          |    11 |     3 ||    14
  Use: Scroll            |     3 |       ||     3
Armor: Scale mail        |    34 |     4 ||    38
Dodge: Dodged            |    25 |     4 ||    29
Block: Kite shield       |    50 |     5 ||    55
       Rpst.: Long sword |    10 |       ||    10

Table legend: (Time is in decaauts)
 A = Elapsed time spent in this place.
 B = Non-inter-level travel time spent in this place.
 C = Inter-level travel time spent in this place.
 D = Time resting spent in this place.
 E = Time spent auto-exploring this place.
 F = Levels seen in this place.
 G = Mean time per level.
                   A        B        C        D        E       F      G
               +--------+--------+--------+--------+--------+-----+--------+
         Total |   1592 |   1592 |      0 |    134 |   1032 |   3 |  530.7 |
       Dungeon |   1592 |   1592 |      0 |    134 |   1032 |   3 |  530.7 |
               +--------+--------+--------+--------+--------+-----+--------+

Top non-repeatable levels by time:
     D:1: 1053 daAuts
     D:3: 391 daAuts
     D:2: 146 daAuts
